 Dungeon Crawl Stone Soup version 0.30-a0-862-g1aabd4f9c5 (webtiles) character file.

Game seed: 249663038291419468

676 Newt the Skirmisher (level 7, -4/44 HPs)
             Began as a Kobold Hunter on Mar 8, 2023.
             Slain by a lemure (5 damage)
             ... led by Pikel
             ... on level 5 of the Dungeon.
             The game lasted 00:04:31 (4395 turns).

Newt the Skirmisher (Kobold Hunter)                 Turns: 4395, Time: 00:04:32

Health: -4/44      AC:  4    Str:  8    XL:     7   Next: 91%
Magic:  7/7        EV: 15    Int: 11    God:
Gold:   98         SH:  4    Dex: 20    Spells: 6/6 levels left

rFire   . . .      SeeInvis .    f - +2 hand crossbow
rCold   . . .      Faith    .    b - +0 buckler
rNeg    . . .      Spirit   .    c - +0 leather armour
rPois   .          Reflect  .    (no helmet)
rElec   .          Rampage  .    v - +0 cloak
rCorr   .                        (no gloves)
Will    .....                    (no boots)
Stlth   +++                      m - amulet of the acrobat
HPRegen 0.27/turn                (no ring)
MPRegen 0.10/turn                (no ring)

@: hasted, very quick
A: small, no large weapons, nightstalker 3
a: no special abilities


You were on level 5 of the Dungeon.
You visited 1 branch of the dungeon, and saw 5 of its levels.
You also visited: Sewer.

You collected 154 gold pieces.
You spent 56 gold pieces at shops.

Inventory:

Hand Weapons
 a - a +0 shortbow
 f - a +2 hand crossbow (weapon)
Missiles
 o - 2 throwing nets
Armour
 b - a +0 buckler (worn)
 c - a +0 leather armour (worn)
 e - an orb of energy
 v - a +0 cloak (worn)
Jewellery
 m - an amulet of the acrobat (around neck)
 s - a +6 ring of strength
 y - a ring of see invisible
 z - a ring of fire
Wands
 g - a wand of flame (19)
Scrolls
 d - a scroll of vulnerability
 i - 3 scrolls of poison
 r - 2 scrolls of teleportation
 u - a scroll of fear
 w - a scroll of blinking
Potions
 h - 2 potions of curing
 j - 2 potions of might
 k - 2 potions of lignification
 l - a potion of brilliance
 n - a potion of cancellation
 p - a potion of invisibility
 t - a potion of heal wounds
 x - a potion of mutation {unknown}


   Skills:
 - Level 5.0 Fighting
 - Level 10.0 Ranged Weapons
 * Level 3.6 Dodging
 - Level 1.3 Stealth
 + Level 0.5 Shields


You had 6 spell levels left.
You didn't know any spells.
Your spell library contained the following spells:

 Spells                   Type           Power      Damage    Failure   Level
 Sublimation of Blood     Necr           0%         N/A       77%         2
 Petrify                  Tmut/Erth      0%         N/A       100%        4
 Summon Ice Beast         Ice/Summ       0%         N/A       100%        4
 Irradiate                Conj/Tmut      0%         3d11      100%        5
 Summon Mana Viper        Hex/Summ       0%         N/A       100%        5
 Monstrous Menagerie      Summ           0%         N/A       100%        7


Dungeon Overview and Level Annotations

Branches:
Dungeon (5/15)              Sewer (visited)
 Temple: D:4-7

Altars:
Zin

Shops:
D:2 *[

Annotations:
D:5 Pikel


Innate Abilities, Weirdness & Mutations

You are small and have problems with some larger weapons.
You are completely attuned to the shadows.


Message History

The quokka misses you. Pikel barely misses you. The lemure hits you.
You block the lemure's attack.
A gnoll comes into view. It is wielding a +0 spear.
You block the lemure's attack. The hound barely misses you.
The hound bites you. The quokka closely misses you.
The lemure barely misses you. The lemure hits you. The lemure misses you.
Pikel misses you.
Unknown command.
Fire: f) +2 hand crossbow
Press: ? - help, Shift-Dir - straight line, f/p - Pikel
Aim: Pikel, wielding a +1 whip of flaming and wearing a +0 robe (severely wounded, 66% to hit)
You shoot a bolt. The bolt closely misses Pikel.
The bolt hits the lemure!
The lemure is almost dead.
The hound barely misses you. The hound closely misses you.
The quokka barely misses you. The hound barely misses you. The hound bites you.
Pikel hits you with a +1 whip of flaming!
* * * LOW HITPOINT WARNING * * *
Pikel burns you.
* * * LOW HITPOINT WARNING * * *
You block the lemure's attack. The lemure hits you.
* * * LOW HITPOINT WARNING * * *
The lemure misses you. The quokka barely misses you.
Unknown command.
You feel much better. The hound closely misses you.
The hound barely misses you.
Pikel hits you with a +1 whip of flaming!
Pikel burns you. You block the gnoll's attack.
A gnoll bouda comes into view. It is wielding a +0 club.
The lemure misses you. The lemure barely misses you.
The lemure closely misses you. The quokka misses you.
The hound closely misses you. The hound bites you but does no damage.
You feel yourself speed up. The hound barely misses you. x2
The quokka barely misses you.
Pikel hits you with a +1 whip of flaming!
* * * LOW HITPOINT WARNING * * *
Pikel burns you.
* * * LOW HITPOINT WARNING * * *
You block the gnoll's attack. The lemure completely misses you.
The lemure hits you.
You die...

#..#.....
.........
....5....
...5Kh...
...5@5h..
...h#r..#
..g. g...
.g.. .#.#
.... .#.#


You could see Pikel, 4 lemures, a gnoll bouda, 3 hounds, 2 gnolls and a quokka.

Vanquished Creatures
  Sigmund (D:3)
  2 bullfrogs (Sewer)
  A hound (D:4)
  Crazy Yiuf (D:3)
  An orc priest (D:3)
  An iguana (D:4)
  Natasha (twice) (D:3)
  An orc wizard (D:3)
  8 adders
  2 worms
  A dart slug (D:1)
  9 orcs
  8 endoplasms
  16 giant cockroaches
  6 goblins
  4 hobgoblins
  9 kobolds
  11 quokkas
  16 ball pythons
  5 bats
  11 frilled lizards
  10 rats
126 creatures vanquished.

Notes
Turn   | Place    | Note
-------+----------+-------------------------------------------
     0 | D:1      | Newt the Kobold Hunter began the quest for the Orb.
     0 | D:1      | Reached XP level 1. HP: 12/12 MP: 1/1
   180 | D:1      | Reached XP level 2. HP: 14/18 MP: 2/2
   664 | D:1      | Reached XP level 3. HP: 23/23 MP: 3/3
   843 | D:1      | Found a faded altar of an unknown god.
  1113 | D:2      | Found Jarchow's Assorted Antiques.
  1119 | D:2      | Bought a scroll labelled GOCVAT NOS for 28 gold pieces
  1119 | D:2      | Bought a scroll labelled FULISS BIRYNOL for 28 gold pieces
  1229 | D:2      | Found Qikahu's Armour Shop.
  1309 | D:2      | Reached XP level 4. HP: 30/30 MP: 4/4
  1536 | D:2      | Reached skill level 5 in Fighting
  1651 | D:3      | Reached XP level 5. HP: 33/35 MP: 5/5
  1812 | D:3      | Reached skill level 6 in Ranged Weapons
  1817 | D:3      | HP: 1/35 [orc priest/+0 hand axe (3)]
  2279 | D:3      | Found a glowing silver altar of Zin.
  2317 | D:3      | Noticed Sigmund
  2322 | D:3      | Killed Sigmund
  2323 | D:3      | Reached skill level 8 in Ranged Weapons
  2323 | D:3      | Reached XP level 6. HP: 36/40 MP: 6/6
  2369 | D:3      | Noticed Natasha
  2374 | D:3      | Killed Natasha
  2703 | D:3      | Noticed Natasha
  2704 | D:3      | Killed Natasha
  2705 | D:3      | Reached XP level 7. HP: 44/44 MP: 7/7
  2921 | D:3      | Found a runed translucent door.
  2924 | D:3      | Noticed Crazy Yiuf
  2927 | D:3      | Killed Crazy Yiuf
  2928 | D:3      | Reached skill level 9 in Ranged Weapons
  3125 | D:4      | Found a glowing drain.
  3138 | Sewer    | Entered a sewer
  3360 | Sewer    | Identified the +4 great sword "Ruet" {heavy, rF+}
  3570 | Sewer    | Reached skill level 10 in Ranged Weapons
  4387 | D:5      | Entered Level 5 of the Dungeon
  4387 | D:5      | Noticed Pikel
  4395 | D:5      | HP: 1/44 [Pikel/+1 whip of flaming (6)]
  4395 | D:5      | Slain by a lemure

Illustrated notes

Levels and vault maps discovered:
D:1:      kennysheep_arrival_seaside, layout_loops_ring,
          shapermc_ecumenical_altar_hornbeckon, minmay_domino_4
D:2:      kennysheep_six_static_rooms, layout_rooms, serial_shops,
          nicolae_diamond_shop, shop
D:3:      layout_loops_corners, zin_treasury, grunt_ministairs_13, uniq_natasha,
          uniq_sigmund, uniq_crazy_yiuf_cottage
D:4:      layout_cave_pools, gup_sewer_entry_pipe
D:5:      layout_rooms, serial_shops, shop, minivault_24,
          nicolae_zen_rock_garden, uniq_pikel

Skill      XL: |  1  2  3  4  5  6  7 |
---------------+----------------------+-----
Fighting       | 3 4 5 |  5.0
Ranged Weapons | 8 10 | 10.0
Dodging        | 3 |  3.6
Stealth        | |  1.3
Shields        | |  0.5

Action                     |  1- 3 |  4- 6 |  7- 9 || total
---------------------------+-------+-------+-------++-------
   Fire: Shortbow          |    10 |       |       ||    10
         Hand crossbow     |    35 |    71 |   102 ||   208
    Use: Scroll            |     5 |     1 |     8 ||    14
         Potion            |       |     3 |     3 ||     6
 Armour: Leather armour    |     2 |     6 |    14 ||    22
  Dodge: Dodged            |     5 |    34 |    73 ||   112
  Block: Buckler           |       |     1 |    27 ||    28

Table legend: (Time is in decaauts)
 A = Elapsed time spent in this place.
 B = Non-inter-level travel time spent in this place.
 C = Inter-level travel time spent in this place.
 D = Time resting spent in this place.
 E = Time spent auto-exploring this place.
 F = Levels seen in this place.
 G = Mean time per level.
                   A        B        C        D        E       F      G
               +--------+--------+--------+--------+--------+-----+--------+
         Total |   4629 |   4536 |     93 |    577 |   3300 |   6 |  771.5 |
       Dungeon |   3818 |   3725 |     93 |    320 |   2862 |   5 |  763.6 |
         Sewer |    810 |    810 |      0 |    257 |    437 |   1 |  810.0 |
               +--------+--------+--------+--------+--------+-----+--------+

Top non-repeatable levels by time:
     D:3: 1477 daAuts
     D:1: 1062 daAuts
   Sewer: 810 daAuts
     D:4: 650 daAuts
     D:2: 617 daAuts
     D:5: 10 daAuts
